 Dungeon Crawl Stone Soup version 0.29.1-2-gbd0b4ee654 (webtiles) character file.

Game seed: 1956351966203270047

158 safid the Shooter (level 5, -2/47 HPs)
             Began as a Minotaur Hunter on Oct 24, 2022.
             Slain by Pikel
             ... wielding a +1 whip of flaming
              (4 damage)
             ... on level 4 of the Dungeon.
             The game lasted 00:04:56 (2329 turns).

safid the Shooter (Minotaur Hunter)                 Turns: 2329, Time: 00:04:56

Health: -2/47      AC:  6    Str: 15    XL:     5   Next: 16%
Magic:  4/4        EV: 11    Int:  6    God:
Gold:   91         SH:  0    Dex: 16    Spells: 4/4 levels left

rFire   . . .      SeeInvis .   a - +0 shortbow
rCold   . . .      Faith    .   (shield currently unavailable)
rNeg    . . .      Spirit   .   n - +0 ring mail
rPois   .          Reflect  .   (helmet restricted)
rElec   .          Harm     .   (no cloak)
rCorr   .          Rampage  .   f - +0 pair of gloves
Will    .....                   (no boots)
Stlth   +.........              (no amulet)
HPRegen 0.15/turn               (no ring)
MPRegen 0.09/turn               (no ring)

@: no status effects
A: horns 2, retaliatory headbutt
a: no special abilities


You were on level 4 of the Dungeon.
You visited 1 branch of the dungeon, and saw 4 of its levels.

You collected 91 gold pieces.

Inventory:

Hand Weapons
 a - a +0 shortbow (weapon)
Missiles
 o - 5 javelins
Armour
 f - a +0 pair of gloves (worn)
 n - a +0 ring mail (worn)
Jewellery
 p - an amulet of magic regeneration
Wands
 k - a wand of quicksilver (11)
Scrolls
 b - 2 scrolls of amnesia {unknown}
 c - 3 scrolls of identify {unknown}
 h - a scroll of noise {unknown}
 i - a scroll of silence {unknown}
 u - a scroll of vulnerability {unknown}
 v - a scroll of torment {unknown}
Potions
 e - 2 potions of might {unknown}
 g - 2 potions of invisibility {unknown}
 j - 4 potions of lignification {unknown}
 l - 2 potions of berserk rage {unknown}
 m - 2 potions of mutation {unknown}
 q - a potion of attraction {unknown}
 r - a potion of cancellation {unknown}
 s - a potion of curing
 t - a potion of magic {unknown}


   Skills:
 + Level 4.9 Fighting
 + Level 5.9 Ranged Weapons
 - Level 2.1 Dodging
 - Level 0.7 Stealth


You had 4 spell levels left.
You didn't know any spells.
Your spell library contained the following spells:

 Spells                   Type           Power      Damage    Failure   Level
 Anguish                  Hex/Necr       0%         N/A       100%        4
 Enfeeble                 Hex            0%         N/A       100%        7


Dungeon Overview and Level Annotations

Branches:
Dungeon (4/15)
 Temple: D:4-7

Altars:

Shops:
D:2 [   D:3 (

Annotations:
D:4 Pikel


Innate Abilities, Weirdness & Mutations

You have a pair of horns on your head.
You reflexively headbutt those who attack you in melee.


Message History

* * * LOW HITPOINT WARNING * * *
You feel much better. Pikel closely misses you.
Fire: a) +0 shortbow
Press: ? - help, Q - select action, (/) - cycle Shift-Dir - straight line, f/p - Pikel
Aim: Pikel, wielding a +1 whip of flaming and wearing a +0 robe (moderately wounded, 58% to hit)
You shoot an arrow. The arrow closely misses Pikel.
Pikel hits you with a +1 whip of flaming.
Pikel burns you.
Fire: a) +0 shortbow
Press: ? - help, Q - select action, (/) - cycle Shift-Dir - straight line, f/p - Pikel
Aim: Pikel, wielding a +1 whip of flaming and wearing a +0 robe (moderately wounded, 58% to hit)
You shoot an arrow. The arrow hits Pikel!
Pikel is heavily wounded.
Pikel hits you with a +1 whip of flaming.
Pikel burns you.
Fire: a) +0 shortbow
Press: ? - help, Q - select action, (/) - cycle Shift-Dir - straight line, f/p - Pikel
Aim: Pikel, wielding a +1 whip of flaming and wearing a +0 robe (heavily wounded, 58% to hit)
You shoot an arrow. The arrow closely misses Pikel.
Pikel closely misses you.
Pikel hits you with a +1 whip of flaming.
* * * LOW HITPOINT WARNING * * *
Pikel burns you.
* * * LOW HITPOINT WARNING * * *
Unknown command.
Fire: a) +0 shortbow
Press: ? - help, Q - select action, (/) - cycle Shift-Dir - straight line, f/p - Pikel
Aim: Pikel, wielding a +1 whip of flaming and wearing a +0 robe (heavily wounded, 58% to hit)
You shoot an arrow.
The arrow hits Pikel but does no damage.
Pikel is heavily wounded.
Pikel completely misses you.
Fire: a) +0 shortbow
Press: ? - help, Q - select action, (/) - cycle Shift-Dir - straight line, f/p - Pikel
Aim: Pikel, wielding a +1 whip of flaming and wearing a +0 robe (heavily wounded, 58% to hit)
You shoot an arrow. The arrow closely misses Pikel.
Pikel hits you with a +1 whip of flaming!
* * * LOW HITPOINT WARNING * * *
Pikel burns you.
You die...

## ..
#.
#55####
#55K.#
#@# #.#
#.# #.#
#.##
#..#
##.#
#.# .#
#.#


You could see Pikel and 4 lemures.

Vanquished Creatures
  A hound zombie (D:3)
  3 gnolls (D:4)
  4 adders
  An adder zombie (D:3)
  An adder skeleton (D:3)
  2 worms
  A dart slug (D:3)
  3 bats
  3 endoplasms
  2 giant cockroaches (D:3)
  7 goblins
  4 hobgoblins
  4 jackals (D:1)
  3 quokkas
  7 ball pythons
  2 ball python zombies (D:3)
  10 frilled lizards (D:1)
  5 kobolds
  A quokka zombie (D:3)
  6 rats
70 creatures vanquished.

Vanquished Creatures (others)
  9 plants (D:1)
  5 withered plants (D:3)
14 creatures vanquished.

Grand Total: 84 creatures vanquished

Notes
Turn   | Place    | Note
-------+----------+-------------------------------------------
     0 | D:1      | safid the Minotaur Hunter began the quest for the Orb.
     0 | D:1      | Reached XP level 1. HP: 18/18 MP: 0/0
   173 | D:1      | Reached XP level 2. HP: 25/25 MP: 1/1
   217 | D:1      | Found a faded altar of an unknown god.
   480 | D:2      | Reached skill level 5 in Ranged Weapons
   480 | D:2      | Reached XP level 3. HP: 24/31 MP: 2/2
   685 | D:2      | Found Hoefuipa's Antique Armour Shop.
  1315 | D:2      | Reached XP level 4. HP: 40/40 MP: 3/3
  1899 | D:3      | Found Uvvenlewk's Weapon Boutique.
  2232 | D:4      | Reached XP level 5. HP: 47/47 MP: 4/4
  2304 | D:4      | Noticed Pikel
  2305 | D:4      | Noticed a lemure
  2306 | D:4      | Noticed a lemure
  2307 | D:4      | Noticed a lemure
  2308 | D:4      | Noticed a lemure
  2329 | D:4      | HP: 2/47 [Pikel/+1 whip of flaming (11)]
  2329 | D:4      | Slain by Pikel

Illustrated notes

Levels and vault maps discovered:
D:1:      erik_arrival_blinker_ship, layout_rooms,
          shapermc_ecumenical_altar_pompeii, minmay_lizard_king
D:2:      layout_loops_ring, serial_shops, nicolae_shop_waterfront
D:3:      layout_loops_ring, serial_undead, serial_undead_d, serial_undead_c,
          serial_undead_a, serial_undead_c, serial_undead_e, serial_shops,
          nicolae_shop_bloodbath_and_beyond, minivault_4
D:4:      layout_rooms, minmay_temple_entry_overgrown, uniq_pikel

Skill      XL: |  1  2  3 |
---------------+----------+-----
Fighting       | 3 4 |  4.9
Ranged Weapons | 5 |  5.9
Dodging        | |  2.1
Stealth        | |  0.7

Action                   |  1- 3 |  4- 6 || total
-------------------------+-------+-------++-------
 Fire: Shortbow          |   110 |   103 ||   213
  Use: Potion            |       |     3 ||     3
Armor: Leather armour    |    13 |       ||    13
       Ring mail         |     8 |    14 ||    22
Dodge: Dodged            |    32 |    29 ||    61
